 Dungeon Crawl Stone Soup version 0.24-a0-586-g8e0e932a4c (webtiles) character file.

Game seed: 15199805075978254601, levelgen mode: deterministic

485 MenacingMecha the Cudgeler (level 7, 0/41 HPs)
             Began as a Gargoyle Monk on Sept 7, 2019.
             Was a Believer of Okawaru.
             Slain by an ogre
             ... wielding a +0 giant spiked club
              (27 damage)
             ... on level 4 of the Dungeon.
             The game lasted 00:09:30 (4203 turns).

MenacingMecha the Cudgeler (Gargoyle Monk)          Turns: 4203, Time: 00:09:31

Health: 0/41       AC: 13    Str: 17    XL:     7   Next: 13%
Magic:  7/7        EV: 12    Int: 10    God:    Okawaru [**....]
Gold:   271        SH:  0    Dex: 17    Spells: 5/6 levels left

rFire    . . .     SeeInvis .   t - +1 morningstar (drain)
rCold    . . .     Gourm    +   (no shield)
rNeg     + . .     Faith    .   y - +3 leather armour
rPois    ∞         Spirit   .   w - +0 helmet
rElec    +         Reflect  .   B - +0 cloak
rCorr    .         Harm     .   v - +0 pair of gloves
MR       .....                  (no boots)
Stlth    ++........             f - amulet of the gourmand {Gourm, !d}
HPRegen  0.13/turn              g - +5 ring of dexterity
MPRegen  0.10/turn              (no ring)

@: no status effects
A: negative energy resistance 1, electricity resistance, unbreathing,
petrification resistance, rot immunity, AC +4
a: Heroism, Renounce Religion


You were on level 4 of the Dungeon.
You worshipped Okawaru.
Okawaru was pleased with you.
You were completely stuffed.

You visited 2 branches of the dungeon, and saw 5 of its levels.

You collected 271 gold pieces.

Inventory:

Hand Weapons
 l - a +2 whip of pain
   (You took it off a kobold on level 2 of the Dungeon)
 t - a +1 morningstar of draining (weapon)
   (You found it on level 3 of the Dungeon)
Missiles
 n - 72 stones (quivered)
 o - 10 poisoned darts
Armour
 v - a +0 pair of gloves (worn)
   (You found it on level 3 of the Dungeon)
 w - a +0 helmet (worn)
   (You found it on level 3 of the Dungeon)
 y - a +3 leather armour (worn)
   (You found it on level 4 of the Dungeon)
 B - a +0 cloak (worn)
   (You found it on level 4 of the Dungeon)
Jewellery
 f - an amulet of the gourmand (around neck) {Gourm, !d}
   (You found it on level 2 of the Dungeon)
 g - a +5 ring of dexterity (left hand)
   (You found it on level 1 of the Dungeon)
 x - an uncursed ring of resist corrosion {unknown}
   (You found it on level 3 of the Dungeon)
Wands
 j - a wand of paralysis (7)
   (You found it on level 4 of the Dungeon)
Scrolls
 e - 4 scrolls of identify
 i - a scroll of teleportation {unknown}
 k - 3 scrolls of remove curse {unknown}
 m - a scroll of enchant armour {unknown}
 p - a scroll of magic mapping {unknown}
 q - 3 scrolls of blinking {unknown}
 r - a scroll of enchant weapon {unknown}
Potions
 b - 2 potions of heal wounds {unknown}
 d - 2 potions of brilliance {unknown}
 h - 2 potions of might {unknown}
 s - a potion of ambrosia {unknown}
 u - a potion of degeneration {unknown}
 z - a potion of curing {unknown}
 A - a potion of berserk rage {unknown}
Comestibles
 a - 3 chunks of flesh
 c - 7 rations


   Skills:
 - Level 3.2 Fighting
 + Level 7.9 Maces & Flails
 - Level 2.4 Dodging
 - Level 2.1 Stealth
 + Level 0.0 Invocations


You had 5 spell levels left.
You knew the following spells:

 Your Spells              Type           Power        Failure   Level  Hunger
g - Apportation           Tloc           #.....       43%         1    ##.....

Your spell library contained the following spells:

 Spells                   Type           Power        Failure   Level  Hunger
 Animate Skeleton         Necr           N/A          43%         1    ##.....
 Confusing Touch          Hex            #.....       43%         1    ##.....
 Magic Dart               Conj           #...         43%         1    ##.....
 Summon Small Mammal      Summ           #...         43%         1    ##.....
 Searing Ray              Conj           #.....       56%         2    ###....
 Dazzling Spray           Conj/Hex       #.....       80%         3    ####...
 Force Lance              Conj/Tloc      #.......     99%         4    #####..
 Fulminant Prism          Conj/Hex       #.........   99%         4    #####..
 Iskenderun's Mystic Bla  Conj           #.......     99%         4    #####..


Dungeon Overview and Level Annotations

Branches:
Dungeon (4/15)             Temple (1/1) D:4

Altars:
Ashenzari
Cheibriados
Elyvilon
Fedhas
Gozag
Hepliaklqana
Kikubaaqudgha
Nemelex Xobeh
Okawaru
Qazlal
Ru
Sif Muna
Trog
Uskayaw
Vehumet
Wu Jian
Xom
Yredelemnul
Zin

Annotations:
D:4 Natasha


Innate Abilities, Weirdness & Mutations

You are resistant to torment.
Your stone body is resilient. (AC +4)
You are immune to poison.
You resist negative energy. (rN+)
You are resistant to electric shocks. (rElec)
You can survive without breathing.
You are immune to petrification.
You are immune to rotting.


Message History

You butcher the hobgoblin corpse.
The goblin throws a stone.
The stone barely misses you.
There is an open door here.
Things that are here:
4 stones; 2 chunks of flesh; a hobgoblin skeleton The goblin throws a stone.
The stone hits you but does no damage.
You see here a stone.
The goblin throws a stone.
The stone barely misses you.
The goblin throws a stone.
The stone closely misses you.
You hear a splash.
The goblin throws a stone.
The stone hits you but does no damage.
n - 71 stones (gained 1)
You enter the shallow water.
Moving in this stuff is going to be slow.
You enter the shallow water.
Moving in this stuff is going to be slow.
Throwing (i - inventory)
n - 71 stones (quivered)
Press: ? - help, Shift-Dir - straight line, f - goblin
Aim: a goblin You throw a stone.
The stone closely misses the goblin.
Throwing (i - inventory)
n - 70 stones (quivered)
Press: ? - help, Shift-Dir - straight line, f/p - goblin
Aim: a goblin You throw a stone.
The stone hits the goblin.
The goblin is moderately wounded.
Throwing (i - inventory)
n - 69 stones (quivered)
Press: ? - help, Shift-Dir - straight line, f/p - goblin
Aim: a goblin (moderately wounded)
You throw a stone. The stone barely misses the goblin.
Throwing (i - inventory)
n - 68 stones (quivered)
Press: ? - help, Shift-Dir - straight line, f/p - goblin
Aim: a goblin (moderately wounded)
You throw a stone. The stone hits the goblin.
The goblin is heavily wounded.
Throwing (i - inventory)
n - 67 stones (quivered)
Press: ? - help, Shift-Dir - straight line, f/p - goblin
Aim: a goblin (heavily wounded)
You throw a stone. The stone barely misses the goblin.
Throwing (i - inventory)
n - 66 stones (quivered)
Press: ? - help, Shift-Dir - straight line, f/p - goblin
Aim: a goblin (heavily wounded)
You throw a stone. The stone hits the goblin.
The goblin is severely wounded.
Throwing (i - inventory)
n - 65 stones (quivered)
Press: ? - help, Shift-Dir - straight line, f/p - goblin
Aim: a goblin (severely wounded)
You throw a stone. The stone barely misses the goblin.
Throwing (i - inventory)
n - 64 stones (quivered)
Press: ? - help, Shift-Dir - straight line, f/p - goblin
Aim: a goblin (severely wounded)
You throw a stone. The stone closely misses the goblin.
Throwing (i - inventory)
n - 63 stones (quivered)
Press: ? - help, Shift-Dir - straight line, f/p - goblin
Aim: a goblin (severely wounded)
You throw a stone. The stone hits the goblin.
You kill the goblin!
Throwing (i - inventory)
n - 62 stones (quivered)
Press: ? - help, Shift-Dir - straight line, f - you Really target yourself? [Y]es or [N]o only, please.
Really target yourself?
Okay, then.
You now have 271 gold pieces (gained 17).
You enter the shallow water.
Moving in this stuff is going to be slow.
There is an iron altar of Okawaru here.
You kneel at the altar of Okawaru.
Okawaru welcomes you!
You can now gain great but temporary skills.
Eating one of 2 chunks of flesh.
You eat one of the 2 chunks of flesh.
This raw flesh tastes great.
You enter the shallow water.
Moving in this stuff is going to be slow.
n - 63 stones (gained 1)
n - 64 stones (gained 1)
n - 68 stones (gained 4);
a - 3 chunks of flesh (gained 2)
There is an open door here.
You see here a hobgoblin skeleton.
n - 69 stones (gained 1)
n - 72 stones (gained 3)
n - 73 stones (gained 1)
You open the door.
There is an open door here.
You open the door.
There is an open door here.
An ogre comes into view. It is wielding a +0 giant spiked club.
Okay, then.
Throwing (i - inventory)
n - 73 stones (quivered)
Press: ? - help, Shift-Dir - straight line, f - ogre
Aim: an ogre, wielding a +0 giant spiked club You throw a stone.
The stone hits the ogre but does no damage.
You thump the ogre! You drain the ogre.
The ogre is heavily wounded.
The ogre hits you with a +0 giant spiked club!
You sock the ogre!
The ogre is almost dead.
The ogre hits you with a +0 giant spiked club!!
Ouch! That really hurt!
You die...

# ##.## # #.# .# # #.#
#.## # ##+## ...#### #
##...## ....... #
##.....## .....## ##
##.......## .......
.####.........####.(.#.#.
....'.........'..@O......
.####.........####...#.#.
## ##.......## #.## #
##.....## ... ##...## ...
##+## ##.# .# #


You could see an ogre.

Vanquished Creatures
  Blork the orc (D:4)
  2 bullfrog skeletons
  An orc priest (D:2)
  Ijyb (D:3)
  3 orc wizards
  2 worker ants (D:4)
  2 gnolls (D:4)
  7 adders
  A worm (D:3)
  A dart slug (D:1)
  2 leopard geckos (D:2)
  14 orcs
  4 giant cockroaches
  6 goblins
  6 hobgoblins
  11 kobolds
  A quokka (D:3)
  4 ball pythons
  6 bats
  6 frilled lizards
  3 rats
84 creatures vanquished.

Notes
Turn   | Place    | Note
-------+----------+-------------------------------------------
     0 | D:1      | MenacingMecha the Gargoyle Monk began the quest for the
                  | Orb.
     0 | D:1      | Reached XP level 1. HP: 14/14 MP: 1/1
   197 | D:1      | Reached XP level 2. HP: 12/19 MP: 2/2
  1327 | D:2      | Reached skill level 4 in Maces & Flails
  1425 | D:2      | Reached XP level 3. HP: 22/23 MP: 3/3
  1435 | D:2      | Learned a level 1 spell: Apportation
  1444 | D:2      | Found a radiant altar of Vehumet.
  1446 | D:2      | Found a glowing silver altar of Zin.
  1825 | D:2      | Reached XP level 4. HP: 28/28 MP: 4/4
  1883 | D:2      | Reached skill level 5 in Maces & Flails
  2311 | D:3      | Noticed Ijyb
  2548 | D:3      | Killed Ijyb
  2548 | D:3      | Reached XP level 5. HP: 32/32 MP: 5/5
  2825 | D:3      | Reached skill level 6 in Maces & Flails
  3186 | D:4      | Reached XP level 6. HP: 37/37 MP: 6/6
  3233 | D:4      | Found a sparkling altar of Nemelex Xobeh.
  3460 | D:4      | Reached skill level 7 in Maces & Flails
  3555 | D:4      | Noticed Natasha
  3600 | D:4      | Found a staircase to the Ecumenical Temple.
  3609 | Temple   | Entered the Ecumenical Temple
  3788 | D:4      | Noticed Blork the orc
  3799 | D:4      | Killed Blork the orc
  4032 | D:4      | Reached XP level 7. HP: 36/41 MP: 7/7
  4131 | D:4      | Found an iron altar of Okawaru.
  4156 | D:4      | Became a worshipper of Warmaster Okawaru
  4156 | D:4      | Reached * piety under Okawaru
  4156 | D:4      | Reached ** piety under Okawaru
  4203 | D:4      | Slain by an ogre

Levels and vault maps discovered:
D:1:      dpeg_arrival_pits, layout_basic, minmay_large_rounded_square
D:2:      layout_basic, minitemple, wander_ebering_terrifying_dragon_lair
D:3:      layout_basic, uniq_ijyb
D:4:      layout_loops_corners, okawaru_altar_gauntlet_db,
          minmay_temple_entry_grid, nemelex_spade_bored_becter, uniq_natasha,
          uniq_blork_the_orc
Temple:   regret_index_temple_sphere_string

Skill      XL: |  1  2  3  4  5  6 |
---------------+-------------------+-----
Maces & Flails | 4 5 6 7 |  7.9
Fighting       | |  3.2
Dodging        | |  2.4
Stealth        | |  2.1

Action                   |  1- 3 |  4- 6 |  7- 9 || total
-------------------------+-------+-------+-------++-------
Melee: Mace              |    82 |       |       ||    82
       Whip              |     4 |    73 |       ||    77
       Morningstar       |       |   110 |    24 ||   134
Throw: Stone             |       |       |    10 ||    10
  Use: Scroll            |     1 |     1 |       ||     2
 Stab: Sleeping          |     6 |     3 |       ||     9
  Eat: Chunk             |     9 |    11 |     1 ||    21
Armor: Robe              |    16 |       |       ||    16
       Leather armour    |    12 |    76 |    16 ||   104
Dodge: Dodged            |    72 |    93 |    19 ||   184

Table legend:
 A = Non-vault XP
 B = Vault XP
 C = Vault XP percentage of total XP
 D = Non-vault monster count
 E = Vault monster count
 F = Vault count percentage of total count
                 A         B        C        D         E       F
            +---------+---------+-------+---------+---------+-------
      Total |     518 |     175 |  25.3 |      75 |       9 |  10.7
            +---------+---------+-------+---------+---------+-------
        D:1 |      25 |       0 |   0.0 |      16 |       0 |   0.0
        D:2 |     103 |       3 |   2.8 |      11 |       1 |   8.3
        D:3 |     124 |      39 |  23.9 |      27 |       1 |   3.6
        D:4 |     266 |     133 |  33.3 |      21 |       7 |  25.0
            +---------+---------+-------+---------+---------+-------

Levels and vault maps discovered:
D:1:      dpeg_arrival_pits, layout_basic, minmay_large_rounded_square
D:2:      layout_basic, minitemple, wander_ebering_terrifying_dragon_lair
D:3:      layout_basic, uniq_ijyb
D:4:      layout_loops_corners, okawaru_altar_gauntlet_db,
          minmay_temple_entry_grid, nemelex_spade_bored_becter, uniq_natasha,
          uniq_blork_the_orc
Temple:   regret_index_temple_sphere_string

Table legend:
 A = Turns spent in this place as a percentage of turns spent in the entire game.
 B = Non-inter-level travel turns spent in this place as a percentage of non-inter-level travel turns spent in the entire game.
 C = Inter-level travel turns spent in this place as a percentage of turns spent in this place.
 D = Turns resting spent in this place as a percentage of non-inter-level travel turns spent in this place.
 E = Turns spent auto-exploring this place as a percentage of non-inter-level travel turns spent in this place.
 F = Non-inter-level travel turns spent in this place divided by the number of levels of this place that you've seen.
                   A       B       C       D       E      F
               +-------+-------+-------+-------+-------+----------------------
         Total | 100.0 | 100.0 |   2.0 |  26.4 |  42.4 | 823.6
       Dungeon |  96.5 |  96.6 |   1.9 |  27.3 |  40.4 | 994.2
        Temple |   3.5 |   3.4 |   4.7 |   0.0 |  97.9 | 141.0
               +-------+-------+-------+-------+-------+----------------------

Table legend:
 A = Kills in this place as a percentage of kills in entire the game.
 B = Kills by you in this place as a percentage of kills by you in the entire game.
 C = Kills by friends in this place as a percentage of kills by friends in the entire game.
 D = Other kills in this place as a percentage of other kills in the entire game.
 E = Experience gained in this place as a percentage of experience gained in the entire game.
 F = Experience gained in this place divided by the number of levels of this place that you have seen.
                   A       B       C       D       E      F
               +-------+-------+-------+-------+-------+----------------------
         Total | 100.0 | 100.0 |   N/A |   N/A | 100.0 | 138.6
       Dungeon | 100.0 | 100.0 |   N/A |   N/A | 100.0 | 173.2
               +-------+-------+-------+-------+-------+----------------------
